 Dungeon Crawl Stone Soup version 0.21.1-1-g345015f (webtiles) character file.

49 prawnwizard the Insei (level 3, 0/23 HPs)
             Began as an Octopode Transmuter on July 22, 2018.
             Slain by an orc (2 damage)
             ... on level 3 of the Dungeon.
             The game lasted 00:01:32 (1552 turns).

prawnwizard the Insei (Octopode Transmuter)         Turns: 1552, Time: 00:01:33

Health: 0/23       AC:  1    Str:  9    XL:     3   Next: 75%
Magic:  6/6        EV: 14    Int: 15    God:
Gold:   77         SH:  0    Dex: 13    Spells: 5/6 levels left

rFire    . . .     SeeInvis .     - Unarmed
rCold    . . .     Gourm    .   (no shield)
rNeg     . . .     Faith    .   (helmet restricted)
rPois    .         Spirit   .   (no amulet)
rElec    .         Reflect  .   (no ring)
rCorr    .         Harm     .   (no ring)
MR       .....                  (no ring)
Stlth    ++........             (no ring)
HPRegen  0.07/turn              (no ring)
MPRegen  0.10/turn              (no ring)
                                (no ring)
                                (no ring)

@: no status effects
A: almost no armour, stealthy swim, amphibious, 8 rings, constrict 8, camouflage
1, gelatinous body 1
a: no special abilities


You were on level 3 of the Dungeon.
You were not hungry.

You visited 1 branch of the dungeon, and saw 3 of its levels.

You collected 77 gold pieces.

Inventory:

Missiles
 a - 33 arrows
Scrolls
 e - a scroll of enchant weapon {unknown}
 f - 2 scrolls of magic mapping {unknown}
 g - a scroll of random uselessness {unknown}
 h - a scroll of identify {unknown}
Potions
 i - 2 potions of mutation {unknown}
 j - a potion of might {unknown}
 k - a potion of brilliance {unknown}
Books
 b - a book of Changes

   Spells                             Type                      Level
   a - Beastly Appendage              Transmutation                1
   b - Sticks to Snakes               Transmutation                2
   c - Spider Form                    Transmutation/Poison         3
   d - Ice Form                       Ice/Transmutation            4
   e - Blade Hands                    Transmutation                5
Comestibles
 c - 5 rations
 d - 2 chunks of flesh


   Skills:
 - Level 1.0 Fighting
 + Level 2.4 Dodging
 * Level 3.7 Unarmed Combat
 + Level 2.4 Spellcasting
 + Level 2.4 Transmutations


You had 5 spell levels left.
You knew the following spells:

 Your Spells              Type           Power        Failure   Level  Hunger
a - Beastly Appendage     Tmut           #.....       8%          1    #......


Dungeon Overview and Level Annotations

Branches:
Dungeon (3/15)

Altars:
Fedhas
Ru


Innate Abilities, Weirdness & Mutations

You cannot wear most types of armour.
You are very stealthy in the water. (Stealth+)
You are amphibious.
You can wear up to eight rings at the same time.
You can use your tentacles to constrict eight enemies at once.
Your skin changes colour to match your surroundings (Stealth+).
Your rubbery body absorbs attacks. (AC +1, EV +1)


Message History

Your tentacle spike disappears.
You constrict the orc, but do no damage.
The orc hits you.
* * * LOW HITPOINT WARNING * * *
The orc closely misses you.
You release your grip on the orc.
Some of the chunks of flesh in your inventory have rotted away.
You see here a club.
You tentacle-slap the orc. Your grab misses the orc.
The orc is almost dead.
The orc hits you but does no damage.
You completely miss the orc. You grab the orc.
The orc is almost dead.
You constrict the orc, but do no damage.
The orc closely misses you.
You tentacle-slap the orc but do no damage.
The orc is almost dead.
You constrict the orc, but do no damage.
The orc hits you.
You die...

###
#.################
#.................
#.###############.
#@# ####. #o#
#.... #o# #.###
#.# #.#.. #o#
#.#.# #.# #.#.#
#.# #.#<# #.#
#.### #.# #....


You could see 3 orcs.

Vanquished Creatures
  4 dart slugs
  5 bats
  A giant cockroach (D:1)
  5 goblins
  4 hobgoblins
  4 jackals (D:2)
  A quokka (D:2)
  A ball python (D:1)
  4 frilled lizards
  5 kobolds
  6 rats
40 creatures vanquished.

Notes
Turn   | Place    | Note
-------+----------+-------------------------------------------
     0 | D:1      | prawnwizard the Octopode Transmuter began the quest for the Orb.
     0 | D:1      | Reached XP level 1. HP: 13/13 MP: 3/3
    44 | D:1      | Reached XP level 2. HP: 5/18 MP: 5/5
   780 | D:2      | Reached XP level 3. HP: 16/23 MP: 6/6
  1158 | D:2      | Found a blossoming altar of Fedhas.
  1369 | D:2      | Found a sacrificial altar of Ru.
  1552 | D:3      | Slain by an orc

Action                   || total
-------------------------++-------
Melee: Unarmed           ||    84
       Constrict         ||    21
       Tentacles         ||    15
       Kick              ||     6
       Punch             ||     5
 Cast: Beastly Appendage ||     2
 Stab: Sleeping          ||     9
  Eat: Chunk             ||     2
Armor: Skin              ||     5
Dodge: Dodged            ||    43
